 Dungeon Crawl Stone Soup version 0.31-a0-799-g6bc09d010c (webtiles) character file.

Game seed: 12424450085597679553

1325 natisneato the Slicer (level 8, -1/51 HPs)
             Began as a Kobold Delver on Sept 19, 2023.
             Slain by a gnoll sergeant
             ... wielding a +1 heavy trident
              (14 damage)
             ... on level 7 of the Dungeon.
             The game lasted 00:23:10 (3306 turns).

natisneato the Slicer (Kobold Delver)               Turns: 3306, Time: 00:23:10

Health: -1/51      AC: 15    Str:  9    XL:     8   Next: 91%
Magic:  8/8        EV: 12    Int: 15    God:
Gold:   188        SH:  0    Dex: 17    Spells: 7/7 levels left

rFire   + + +        i - +3 dagger
rCold   + . .        (no shield)
rNeg    . . .        q - +0 scale mail
rPois   +            b - +0 helmet
rElec   +            (no cloak)
rCorr   +            (no gloves)
SInv    +            m - +2 pair of boots "Nawnailuno" {rPois Int+4 Dex-2 SInv}
Will    .....        c - amulet of magic regeneration
Stlth   ++           h - ring "Yquwypuf" {+Blink rF+++ Will- AC+4 Stlth-}
HPRegen 0.28/turn    (no ring)
MPRegen 0.51/turn

%: no passive effects
@: resistant
A: small, no large weapons, nightstalker 3
a: Evoke Blink


You were on level 7 of the Dungeon.
You visited 1 branch of the dungeon, and saw 6 of its levels.

You collected 188 gold pieces.

Inventory:

Hand Weapons
 d - a +1 short sword
 i - a +3 dagger (weapon)
 k - a +2 dagger of flaming
 l - a +0 sling
Missiles
 p - 15 stones
Armour
 b - a +0 helmet (worn)
 m - the +2 pair of boots "Nawnailuno" (worn) {rPois Int+4 Dex-2 SInv}
   (You found it on level 6 of the Dungeon)

   Int+4:     It affects your intelligence (+4).
   Dex-2:     It affects your dexterity (-2).
   rPois:     It protects you from poison SInv: It lets you see invisible.
 q - a +0 scale mail (worn)
Jewellery
 c - an amulet of magic regeneration (around neck)
 h - the ring "Yquwypuf" (left hand) {+Blink rF+++ Will- AC+4 Stlth-}
   (You found it on level 3 of the Dungeon)

   [ring of protection]

   AC+4:      It affects your AC (+4).
   rF+++:     It renders you almost immune to fire.
   Will-:     It decreases your willpower.
   +Blink:    It lets you blink.
   Stlth-:    It makes you less stealthy.
 n - a ring of resist corrosion
Wands
 g - a wand of digging (4)
 o - a wand of paralysis (5)
Scrolls
 f - a scroll of poison
 j - 3 scrolls of identify
Potions
 a - a potion of curing
 e - a potion of resistance


   Skills:
 + Level 5.9 Fighting
 * Level 8.7 Short Blades
 + Level 3.4 Armour
 + Level 5.8 Dodging
 + Level 7.1 Stealth


You had 7 spell levels left.
You didn't know any spells.
Your spell library was empty.

Dungeon Overview and Level Annotations

Branches:
Dungeon (8/15)
 Temple: D:4-7         Lair: D:8-11

Altars:
Elyvilon
Nemelex Xobeh
Yredelemnul

Annotations:
D:4 Ijyb
D:6 Prince Ribbit


Innate Abilities, Weirdness & Mutations

You are small and have problems with some larger weapons.
You are completely attuned to the shadows.


Message History

Press: ? - help, Dir - move target, f - gnoll
Aim: a gnoll, wielding a +0 spear (about 25% to evade your +3 dagger)
Your weapon can't reach that far!
Okay, then.
Aiming: Paralyse
Press: ? - help, Shift-Dir - straight line, f - gnoll
Aim: a gnoll, wielding a +0 spear (chance to affect: 57%)
The gnoll suddenly stops moving!
The gnoll sergeant hits you from afar with a +1 heavy trident!
The helpless gnoll fails to defend itself.
You spit the gnoll like a pig!!!
You kill the gnoll!
Aiming: Paralyse
Press: ? - help, Shift-Dir - straight line, f - gnoll sergeant
Aim: a gnoll sergeant, wielding a +1 heavy trident, wearing a +0 scale mail and wearing a +0 kite shield (chance to affect: 49%)
The gnoll sergeant resists with some effort.
The gnoll sergeant completely misses you.
Items here: ))) †.
You hit the gnoll sergeant but do no damage.
The gnoll sergeant hits you but does no damage.
The gnoll sergeant blocks your attack.
You hit the gnoll sergeant but do no damage.
You hit the gnoll sergeant.
The gnoll sergeant is moderately wounded.
The gnoll sergeant hits you with a +1 heavy trident.
You hit the gnoll sergeant but do no damage.
The gnoll sergeant is moderately wounded.
You hit the gnoll sergeant.
The gnoll sergeant is moderately wounded.
The gnoll sergeant blocks your attack.
The gnoll sergeant is moderately wounded.
The gnoll sergeant hits you with a +1 heavy trident!
* * * LOW HITPOINT WARNING * * *
Unknown command.
You hit the gnoll sergeant but do no damage.
The gnoll sergeant is moderately wounded.
You hit the gnoll sergeant but do no damage.
The gnoll sergeant is moderately wounded.
The gnoll sergeant hits you with a +1 heavy trident!
You die...

###.#.#.# #.# #.###.###.# #.###.#
# #>#.#.###.# #.##..# #.# #.....#
###.#....##.# #.##.## #.# #####.#
....#.......# #.##.####)# ##'#
########.#### #.......).# ##...
## ##.# ###..##.### ##.... .##
##..# #)>##[## ##.....
..####...########..#...####......
..'.............@g........+......
..####...########.##.).####......
.## ##..# #.....## ##..... ##
##.# ####.## ##.... # #.# #.#
##... #.# #.# ##+# #.# #.# ###.#
#.# #.# ##.#.# #.# #.# #.....


You could see a gnoll sergeant.

Vanquished Creatures
  2 water moccasins
  An ice beast (D:6)
  A black bear (D:6)
  An ogre (D:7)
  A centaur (D:7)
  A bullfrog (D:7)
  10 wights
  A hound (D:7)
  2 jellies (D:6)
  5 gnolls (D:7)
  2 adders
  A shadow imp (D:6)
  3 orcs
  2 endoplasms (D:3)
  A giant cockroach (D:3)
  5 hobgoblins (D:3)
  6 goblins (D:3)
  A rat (D:3)
46 creatures vanquished.

Notes
Turn   | Place    | Note
-------+----------+-------------------------------------------
     0 | D:5      | natisneato the Kobold Delver began the quest for the Orb.
     0 | D:5      | Reached XP level 1. HP: 14/14 MP: 1/1
    62 | D:5      | Noticed a sleepcap
    80 | D:4      | Noticed Ijyb
   181 | D:3      | Identified the ring "Yquwypuf" {+Blink rF+++ Will- AC+4
                  | Stlth-}
   202 | D:3      | Reached XP level 2. HP: 15/19 MP: 2/2
   285 | D:3      | Reached skill level 3 in Short Blades
   394 | D:3      | Reached XP level 3. HP: 23/23 MP: 3/3
   620 | D:3      | You fall into a shaft and drop 3 floors!
   643 | D:6      | Identified the +2 pair of boots "Nawnailuno" {rPois Int+4
                  | Dex-2 SInv}
   657 | D:6      | Noticed a black bear
   659 | D:6      | Killed a black bear
   660 | D:6      | Reached skill level 4 in Short Blades
   660 | D:6      | Reached skill level 1 in Armour
   660 | D:6      | Reached XP level 4. HP: 29/29 MP: 4/4
   660 | D:6      | Reached XP level 5. HP: 33/33 MP: 5/5
   717 | D:6      | Noticed a water moccasin
   720 | D:6      | Killed a water moccasin
   721 | D:6      | Reached skill level 5 in Short Blades
   721 | D:6      | Reached XP level 6. HP: 31/39 MP: 6/6
   919 | D:6      | Reached skill level 6 in Short Blades
   919 | D:6      | Reached XP level 7. HP: 16/44 MP: 7/7
  1197 | D:6      | Noticed Prince Ribbit
  1197 | D:6      | Noticed a komodo dragon
  1770 | D:7      | Reached skill level 5 in Fighting
  1770 | D:7      | Reached skill level 7 in Short Blades
  1809 | D:7      | Reached XP level 8. HP: 7/47 MP: 8/8
  2007 | D:7      | Reached skill level 5 in Dodging
  2654 | D:7      | Reached skill level 8 in Short Blades
  2802 | D:7      | Found a sparkling altar of Nemelex Xobeh.
  2802 | D:7      | Found a basalt altar of Yredelemnul.
  3027 | D:7      | Found a white marble altar of Elyvilon.
  3306 | D:7      | Slain by a gnoll sergeant

Illustrated notes

Levels and vault maps discovered:
D:3:      kennysheep_the_goblin_king, layout_loops_ring,
          lemuel_coloured_pillars_altar, fountainhead
D:4:      cheibrodos_pilgrimage, layout_cave_pools,
          nicolae_overflow_crystal_walls, minmay_temple_entry_statues,
          serial_shops, shop, shop_coins, dk_noncrumbling_3, uniq_pikel,
          uniq_ijyb
D:5:      nicolae_cairo_tiling_very_big, layout_loops_ring
D:6:      layout_basic, uniq_jeremiah, uniq_maggie, uniq_prince_ribbit1
D:7:      layout_loops_corners, minitemple
D:8:      layout_layer_cave, nicolae_dithmenos_through_a_glass_darkly,
          nrook_mini_backslash, uniq_gastronok

Skill      XL: |  1  2  3  4  5  6  7  8 |
---------------+-------------------------+-----
Stealth        | 7 |  7.1
Short Blades   | 3 4 5 6 7 8 |  8.7
Armour         | 1 2 3 |  3.4
Dodging        | 3 4 5 |  5.8
Fighting       | 4 5 |  5.9

Action                     |  1- 3 |  4- 6 |  7- 9 || total
---------------------------+-------+-------+-------++-------
  Melee: Short sword       |    51 |       |       ||    51
         Dagger            |    20 |    40 |   233 ||   293
         Punch             |       |       |     7 ||     7
Ability: Evoke Blink       |       |       |     2 ||     2
  Evoke: Wand              |       |       |     2 ||     2
    Use: Scroll            |     1 |       |     4 ||     5
         Potion            |     1 |       |     4 ||     5
   Stab: Sleeping          |     4 |     2 |     4 ||    10
         Distracted        |       |       |     1 ||     1
         Paralysed         |       |       |     1 ||     1
 Armour: Leather armour    |    22 |    10 |     5 ||    37
         Scale mail        |       |       |   107 ||   107
  Dodge: Dodged            |    31 |    18 |   114 ||   163

Table legend: (Time is in decaauts)
 A = Elapsed time spent in this place.
 B = Non-inter-level travel time spent in this place.
 C = Inter-level travel time spent in this place.
 D = Time resting spent in this place.
 E = Time spent auto-exploring this place.
 F = Levels seen in this place.
 G = Mean time per level.
                   A        B        C        D        E       F      G
               +--------+--------+--------+--------+--------+-----+--------+
         Total |   3178 |   3178 |      0 |    818 |   1298 |   6 |  529.7 |
       Dungeon |   3178 |   3178 |      0 |    818 |   1298 |   6 |  529.7 |
               +--------+--------+--------+--------+--------+-----+--------+

Top non-repeatable levels by time:
     D:7: 1456 daAuts
     D:6: 614 daAuts
     D:5: 524 daAuts
     D:3: 487 daAuts
     D:8: 69 daAuts
     D:4: 25 daAuts
